 Dungeon Crawl Stone Soup version 0.21.1-1-g345015f (webtiles) character file.

254 suicidejoker the Sneak (level 6, 0/42 HPs)
             Began as an Octopode Assassin on Apr 17, 2018.
             Succumbed to atlas1's ghost's poison
             ... on level 2 of the Dungeon.
             The game lasted 00:06:06 (2272 turns).

suicidejoker the Sneak (Octopode Assassin)          Turns: 2272, Time: 00:06:07

Health: 0/42       AC:  1    Str: 11 (13) XL:     6   Next: 14%
Magic:  10/10      EV: 13    Int: 11 (13) God:
Gold:   173        SH:  0    Dex: 10 (13) Spells: 10/10 levels left

rFire    . . .     SeeInvis .   a - +3 dagger
rCold    . . .     Gourm    .   (no shield)
rNeg     . . .     Faith    .   (helmet restricted)
rPois    .         Spirit   .   v - amulet of harm
rElec    .         Reflect  .   (no ring)
rCorr    .         Harm     +   (no ring)
MR       .....                  (no ring)
Stlth    ++++......             (no ring)
HPRegen  0.14/turn              (no ring)
MPRegen  0.12/turn              (no ring)
                                (no ring)
                                (no ring)

@: lethally poisoned (0 -> -1)
A: almost no armour, stealthy swim, amphibious, 8 rings, constrict 8, camouflage
1, gelatinous body 1
a: no special abilities


You were on level 2 of the Dungeon.
You were not hungry.

You visited 1 branch of the dungeon, and saw 3 of its levels.

You collected 173 gold pieces.

Inventory:

Hand Weapons
 a - a +3 dagger (weapon)
 b - a +0 blowgun
Missiles
 c - 29 poisoned needles
 d - 2 curare-tipped needles
 l - 31 arrows
 o - 45 stones (quivered)
 u - 20 sling bullets
Jewellery
 q - an uncursed amulet of faith
 v - an amulet of harm (around mantle)
Scrolls
 j - 2 scrolls of remove curse
 n - 3 scrolls of noise
 p - 3 scrolls of teleportation
Potions
 h - a potion of brilliance
 i - a potion of invisibility
 k - a potion of haste
 m - a potion of might
Comestibles
 f - 5 rations


   Skills:
 + Level 3.0 Fighting
 + Level 2.8 Short Blades
 + Level 2.8 Throwing
 + Level 2.3 Dodging
 + Level 6.2 Stealth
 * Level 2.7 Spellcasting


You had 10 spell levels left.
You didn't know any spells.

Dungeon Overview and Level Annotations

Branches:
Dungeon (3/15)

Altars:


Innate Abilities, Weirdness & Mutations

You cannot wear most types of armour.
You are very stealthy in the water. (Stealth+)
You are amphibious.
You can wear up to eight rings at the same time.
You can use your tentacles to constrict eight enemies at once.
Your skin changes colour to match your surroundings (Stealth+).
Your rubbery body absorbs attacks. (AC +1, EV +1)


Message History

You feel sick.
You see here a ration.
* * * LOW HITPOINT WARNING * * *
You feel sick.
* * * LOW HITPOINT WARNING * * *
You feel sick.
* * * LOW HITPOINT WARNING * * *
You feel sick.
There is an escape hatch in the ceiling here.
You see here a stone.
You can't go down here!
* * * LOW HITPOINT WARNING * * *
You feel sick. A mysterious force pulls you upwards.
The hatch slams shut behind you.
Really walk into that teleport trap?
You enter a teleport trap!
The teleport trap disappears.
Your surroundings suddenly seem different.
* * * LOW HITPOINT WARNING * * *
You feel sick.
You die...

...##....##.##.#######.##..# #.#
...##....##.##.# #.##..# #.#
.#.##...###.##.#######.##..# #.#
.#.###.## #.##........#....# #.#
.#.# #.# #.##..######.###.####.#
.#.# #.# #.##.<##..........[....
.#.###.####.##..##...#.###....[..
>#..........##..##...#.########.#
.#####..........@.......# #.#
...<.######.##..........# #.#
............###.........# #.#
####.######## ####...#### #.# #
#.# #...###### #.# # #[#
#........# ##.# # #.# ########.#
##..# # #.# #.###...# # #.#
#########.##.....


There were no monsters in sight!

Vanquished Creatures
  The ghost of atlas1 the Digger, an amateur GrEE (D:3)
  An orc wizard (D:3)
  An orc priest (D:3)
  A worker ant (D:2)
  2 adders (D:3)
  An ooze (D:1)
  2 worms (D:2)
  2 dart slugs (D:1)
  2 leopard geckos (D:3)
  5 orcs (D:3)
  2 giant cockroaches (D:2)
  5 goblins
  7 hobgoblins
  8 jackals
  9 kobolds
  A quokka (D:2)
  8 bats
  2 frilled lizards
  6 rats
66 creatures vanquished.

Notes
Turn   | Place    | Note
-------+----------+-------------------------------------------
     0 | D:1      | suicidejoker the Octopode Assassin began the quest for the Orb.
     0 | D:1      | Reached XP level 1. HP: 14/14 MP: 1/1
   160 | D:1      | Reached XP level 2. HP: 19/19 MP: 1/3
   268 | D:1      | Reached skill level 1 in Spellcasting
   557 | D:1      | Reached XP level 3. HP: 19/24 MP: 4/4
  1163 | D:2      | Reached XP level 4. HP: 30/30 MP: 6/6
  1711 | D:3      | Reached XP level 5. HP: 30/35 MP: 8/8
  1972 | D:3      | Reached skill level 6 in Stealth
  2221 | D:3      | Noticed atlas1's ghost (amateur GrEE)
  2241 | D:3      | Killed atlas1's ghost
  2241 | D:3      | Reached XP level 6. HP: 15/42 MP: 8/10
  2258 | D:3      | HP: 2/42 [poisoned by atlas1's ghost]
  2264 | D:3      | HP: 1/42 [poisoned by atlas1's ghost]
  2272 | D:2      | Succumbed to atlas1's ghost's poison

Skill      XL: |  1  2  3  4  5 |
---------------+----------------+-----
Spellcasting   | 1 2 |  2.7
Dodging        | 2 |  2.3
Stealth        | 6 |  6.2
Fighting       | 3 |  3.0
Short Blades   | |  2.8
Throwing       | |  2.8

Action                   |  1- 3 |  4- 6 || total
-------------------------+-------+-------++-------
Melee: Dagger            |    55 |    83 ||   138
       Constrict         |    12 |    19 ||    31
       Tentacles         |     8 |    16 ||    24
Throw: Stone             |       |     4 ||     4
  Use: Scroll            |       |     9 ||     9
       Potion            |       |     2 ||     2
 Stab: Sleeping          |     8 |    13 ||    21
  Eat: Chunk             |       |     4 ||     4
Armor: Skin              |     2 |    10 ||    12
Dodge: Dodged            |    34 |    39 ||    73
